cohdb
Replays
Latest Replays
All Replays
Popular Replays
Top Player Replays
Match Explorer
How It Works
Community
CoH3 Stats
Reddit
Sign in to upload your games and track your stats! →
Sign in with Steam
Match 42361337
Unlisted
Match 42361337
Overview
Messages
Build Orders
End
Construct Infanterie Kompanie
Grenadier Squad
MG 42 Machine Gun Team
GrW 34 Mortar Team
Grenadier Squad
Construct Panzergrenadier Kompanie
Grenadier Squad
251 Medium Carrier
Pak 40 Anti-tank Gun Team
251 Medium Carrier
Infanterie Officer Quarters
Sniper
Support Elements
Pak 40 Anti-tank Gun Team
Nebelwerfer 42 Rocket Launcher Team
Nebelwerfer 42 Rocket Launcher Team
Selects Breakthrough Battlegroup
Selects 2.5-tonne Cargo Truck
Selects Blitzkrieg
MG 42 Machine Gun Team
Grenadier Squad
Pak 40 Anti-tank Gun Team
Pak 40 Anti-tank Gun Team
No
plsbenice
Geno 21
Scooter
0
0
Comments
sign in to comment!
No comments posted yet!